Map: Acid Plant LE

Players

Kozzy

  • Race: Protoss Protoss
  • League: Gold
  • Spawn Location: 5:00

lllllllllIII - Winner!

  • Race: Terran Terran
  • League: Platinum
  • Spawn Location: 11:00

VOD

Have the link to the VOD?

Description

Time

  • Played on: April 12, 2018, 12:50 a.m.
  • Length: 8:44
Show
View Real Time Build Order
Export as new Build Order

Kozzy Protoss 

Build Orders:  

Get SALT Encoding   

  12  0:00  Probe  
  13  0:13  Probe  
  14  0:23  Pylon  
  14  0:25  Probe  
  15  0:30  Assimilator  
  15  0:43  Gateway  
  15  0:46  Probe (Chrono Boost)  
  16  0:56  Probe (Chrono Boost)  
  17  1:01  Probe (Chrono Boost)  
  18  1:13  Probe  
  19  1:25  Probe  
  20  1:32  Cybernetics Core  
  20  1:37  Probe, Pylon  
  20  1:58  Pylon  
  20  2:08  Stalker (Chrono Boost)  
  22  2:13  Shield Battery  
  22  2:17  Shield Battery  
  22  2:23  Gateway  
  22  2:32  Stalker (Chrono Boost)  
  24  2:38  Forge  
  24  2:54  Warp Gate  
  24  2:55  Stalker (Chrono Boost)  
  26  3:17  Stalker, Photon Cannon  
  26  3:18  Stalker  
  30  3:22  Protoss Ground Weapons Level 1 (Chrono Boost)  
  30  3:38  Pylon  
  30  3:46  Assimilator  
  30  3:47  Stalker  
  30  4:10  Stalker  
  32  4:23  Pylon  
  32  4:27  Pylon  
  32  4:32  Probe (Chrono Boost)  
  33  4:44  Probe (Chrono Boost)  
  33  4:45  Photon Cannon  
  34  4:50  Probe (Chrono Boost)  
  35  4:57  Gateway, Twilight Council  
  35  5:29  Gateway  
  35  5:31  Charge (Chrono Boost)  
  35  5:32  Pylon  
  35  5:41  Pylon  
  35  5:43  Stalker  
  35  5:44  Stalker  
  35  5:49  Protoss Ground Weapons Level 2 (Chrono Boost)  
  39  6:04  Stalker  
  41  6:21  Stalker x2  
  45  6:28  Stalker  
  47  6:47  Zealot x3  
  47  6:51  Zealot  
  55  7:08  Zealot x3  
  59  7:13  Zealot  
  63  7:31  Stalker x2  
  63  7:32  Stalker  
  63  7:34  Zealot  
  71  7:45  Shield Battery  
  71  7:59  Stalker x2  
Show
View Real Time Build Order
Export as new Build Order

lllllllllIII Terran - Winner!

Build Orders:  

Get SALT Encoding   

  12  0:02  SCV  
  13  0:14  SCV  
  13  0:18  Supply Depot  
  14  0:27  SCV  
  15  0:49  Barracks  
  15  0:53  Barracks  
  15  1:06  Barracks, SCV  
  16  1:38  Barracks  
  16  1:39  Supply Depot  
  16  1:54  Marine x2  
  15  1:55  Marine  
  15  1:59  Orbital Command  
  18  2:29  Command Center  
  18  2:38  Marine  
  18  2:39  Marine x2  
  18  2:42  Marine  
  22  2:55  SCV  
  22  2:58  Marine x3, Refinery  
  24  3:02  Marine  
  27  3:10  SCV  
  28  3:15  Supply Depot  
  28  3:20  Marine  
  28  3:21  Marine  
  28  3:22  Marine  
  31  3:36  Marine, SCV  
  33  3:45  Engineering Bay  
  33  3:48  SCV  
  33  3:50  Marine  
  33  3:51  Marine x2  
  37  4:08  Marine  
  37  4:09  Marine  
  38  4:10  Barracks Tech Lab  
  38  4:11  Barracks Tech Lab  
  38  4:12  SCV  
  38  4:17  Refinery  
  38  4:18  Orbital Command  
  38  4:26  Missile Turret  
  38  4:30  Barracks Reactor  
  38  4:35  Concussive Shells  
  38  4:36  Marine  
  38  4:37  Marine x2  
  41  4:48  SCV x2  
  42  5:00  SCV  
  42  5:10  Marauder x2  
  46  5:18  Factory  
  46  5:20  SCV  
  46  5:21  SCV  
  48  5:32  SCV  
  48  5:33  SCV  
  50  5:37  Supply Depot  
  50  5:39  Stimpack, Barracks Reactor  
  50  5:44  SCV  
  50  5:45  SCV  
  52  5:52  Marauder  
  54  5:57  Refinery  
  54  5:59  Missile Turret, Refinery, Marauder  
  54  6:02  Marine x2  
  58  6:08  Supply Depot  
  58  6:17  Factory Reactor  
  58  6:20  Starport  
  58  6:27  Terran Infantry Weapons Level 1  
  58  6:30  Marine x2  
  58  6:32  Marine x2  
  61  6:35  SCV  
  61  6:36  SCV  
  64  6:47  SCV  
  64  6:48  SCV  
  66  6:55  Marine  
  66  6:58  Marauder  
  66  6:59  SCV  
  70  7:06  Supply Depot  
  70  7:07  Supply Depot  
  70  7:14  Supply Depot  
  70  7:15  Supply Depot  
  70  7:17  Starport Reactor  
  70  7:27  SCV x2  
  70  7:28  Widow Mine x2, Marauder  
  70  7:29  Marine x3  
  81  7:31  Marauder  
  83  7:37  Ghost Academy  
  83  7:39  SCV x2  
  83  7:41  Supply Depot  
  85  7:48  Supply Depot  
  85  7:49  Marine x2  
  87  7:51  SCV x2  
  87  7:52  Widow Mine x2  
  87  7:55  Medivac  
  95  7:59  Medivac  
  95  8:04  SCV  
Tags
 
Add a new tag
Caveats
  • Supply blocks, unpowered buildings, or Contaminate may cause inaccurate times.
  • Supply counts are checked every 10 seconds.